MLB
CLEVELAND GUARDIANS @ NEW YORK YANKEES
08/19/2098
 
TOP OF THE 1ST
Cleveland Guardians batting - Pitching for New York Yankees : RHP Curt Browning
Pitching: RHP Curt Browning
Batting: LHB Mel Soto 0-0: Called Strike
0-1: Foul Ball, location: 9LDF
0-2: Foul Ball, location: 2F
0-2: Strikes out swinging
Batting: LHB Donny Liebler 0-0: Called Strike
0-1: Ball
1-1: Foul Ball, location: 3F
1-2: Fly out, F8 (Flyball, 89D, EV 105.6 MPH)
Batting: LHB Jonathan Setzler 0-0: Ball
1-0: Called Strike
1-1: Called Strike
1-2: Strikes out swinging
Top of the 1st over - 0 runs, 0 hits, 0 errors, 0 left on base; Cleveland 0 - New York 0
BOTTOM OF THE 1ST
New York Yankees batting - Pitching for Cleveland Guardians : RHP Bryan Jessee
Pitching: RHP Bryan Jessee
Batting: LHB John Blair 0-0: Ball
1-0: Swinging Strike
1-1: Ball
2-1: Ball
3-1: Foul Ball, location: 9LSF
3-2: Ground out 6-3 (Groundball, 56, EV 91.3 MPH)
Batting: SHB Seth Hardenbrook 0-0: Ball
1-0: SOLO HOME RUN (Flyball, 7D, EV 109.4 MPH), Distance : 391 ft
Batting: RHB Brandon Thomas 0-0: Ball
1-0: Foul Ball, location: 2F
1-1: Ball
2-1: Ball
3-1: Ground out U3 (Groundball, 34S, EV 65.0 MPH)
Batting: LHB Bill Hayden 0-0: Foul Ball, location: 2F
0-1: Foul Ball, location: 9LMF
0-2: Fly out, F6 (Popup, 6MS, EV 68.8 MPH)
Bottom of the 1st over - 1 run, 1 hit, 0 errors, 0 left on base; Cleveland 0 - New York 1
TOP OF THE 2ND
Cleveland Guardians batting - Pitching for New York Yankees : RHP Curt Browning
Batting: RHB Barry Nicholson 0-0: Fly out, F9 (Flyball, 89S, EV 97.5 MPH)
Batting: LHB Matt Cleary 0-0: Foul Ball, location: 25F
0-1: SINGLE (Groundball, 4MD, EV 109.4 MPH)
Batting: SHB Jose Agramonte 0-0: Called Strike
0-1: Ball
1-1: Foul Ball, location: 2LF
1-2: Ball
2-2: Ball
3-2: Fly out, F7 (Flyball, 7D, EV 110.0 MPH)
Batting: LHB Dallas Ostrove 0-0: Ball
1-0: Fly out, F7 (Flyball, 78S, EV 84.4 MPH)
Top of the 2nd over - 0 runs, 1 hit, 0 errors, 1 left on base; Cleveland 0 - New York 1
BOTTOM OF THE 2ND
New York Yankees batting - Pitching for Cleveland Guardians : RHP Bryan Jessee
Batting: RHB Zach Sterling 0-0: Ground out 6-3 (Groundball, 6D, EV 91.9 MPH)
Batting: LHB Ryan McCullough 0-0: Ball
1-0: Called Strike
1-1: Foul Ball, location: 23F
1-2: Ball
2-2: Ball
3-2: Strikes out looking
Batting: RHB Aaron Comeaux 0-0: Ground out 6-3 (Groundball, 6, EV 83.8 MPH)
Bottom of the 2nd over - 0 runs, 0 hits, 0 errors, 0 left on base; Cleveland 0 - New York 1
TOP OF THE 3RD
Cleveland Guardians batting - Pitching for New York Yankees : RHP Curt Browning
Batting: RHB Chris Downs 0-0: Called Strike
0-1: Ground out 5-3 (Groundball, 5L, EV 101.9 MPH)
Batting: RHB Chris Goacher 0-0: Ball
1-0: Foul Ball, location: 5F
1-1: SINGLE (Line Drive, 34, EV 99.4 MPH)
Batting: LHB Mel Soto 0-0: Called Strike
0-1: Ball
1-1: Foul Ball, location: 2F
1-2: Ball
2-2: 2-RUN HOME RUN (Flyball, 7D, EV 98.1 MPH), Distance : 381 ft
Batting: LHB Donny Liebler 0-0: Called Strike
0-1: Called Strike
0-2: Foul Ball, location: 9LSF
0-2: Ball
1-2: Fly out, F7 (Flyball, 7S, EV 85.6 MPH)
Batting: LHB Jonathan Setzler 0-0: Called Strike
0-1: Ball
1-1: Foul Ball, location: 23FF
1-2: Ball
2-2: Strikes out swinging
Top of the 3rd over - 2 runs, 2 hits, 0 errors, 0 left on base; Cleveland 2 - New York 1
BOTTOM OF THE 3RD
New York Yankees batting - Pitching for Cleveland Guardians : RHP Bryan Jessee
Batting: SHB Chris Clark 0-0: Foul Ball, location: 2F
0-1: Ball
1-1: Called Strike
1-2: Ball
2-2: Foul Ball, location: 7LDF
2-2: Ground out 6-3 (Groundball, 6, EV 88.1 MPH)
Batting: RHB Robby Junker 0-0: Called Strike
0-1: Ground out 4-3 (Groundball, 4, EV 81.3 MPH)
Batting: LHB John Blair 0-0: Ball
1-0: Called Strike
1-1: Ball
2-1: Swinging Strike
2-2: Ball
3-2: Ground out 6-3 (Groundball, 6, EV 109.4 MPH)
Bottom of the 3rd over - 0 runs, 0 hits, 0 errors, 0 left on base; Cleveland 2 - New York 1
TOP OF THE 4TH
Cleveland Guardians batting - Pitching for New York Yankees : RHP Curt Browning
Batting: RHB Barry Nicholson 0-0: Foul Ball, location: 5F
0-1: Ball
1-1: Called Strike
1-2: Strikes out looking
Batting: LHB Matt Cleary 0-0: Called Strike
0-1: Ball
1-1: Called Strike
1-2: Strikes out looking
Batting: SHB Jose Agramonte 0-0: Ball
1-0: Ball
2-0: Ball
3-0: Called Strike
3-1: Foul Ball, location: 2F
3-2: Base on Balls
Batting: LHB Dallas Ostrove 0-0: Foul Ball, location: 7LSF
0-1: Foul Ball, location: 7LSF
0-2: Ball
1-2: Ball
2-2: Ball
3-2: Foul Ball, location: 7LDF
3-2: Foul Ball, location: 2F
3-2: Foul Ball, location: 7LSF
3-2: SINGLE (Line Drive, 6MD, EV 94.4 MPH)
Jose Agramonte to second
Jose Agramonte to third
Batting: RHB Chris Downs 0-0: Swinging Strike
0-1: Ball
1-1: Called Strike
1-2: Strikes out looking
Top of the 4th over - 0 runs, 1 hit, 0 errors, 2 left on base; Cleveland 2 - New York 1
BOTTOM OF THE 4TH
New York Yankees batting - Pitching for Cleveland Guardians : RHP Bryan Jessee
Batting: SHB Seth Hardenbrook 0-0: SOLO HOME RUN (Flyball, 9D, EV 93.1 MPH), Distance : 363 ft
Batting: RHB Brandon Thomas 0-0: Ball
1-0: Called Strike
1-1: Foul Ball, location: 5FF
1-2: Strikes out looking
Batting: LHB Bill Hayden 0-0: Fly out, F6 (Popup, 6, EV 65.0 MPH)
Batting: RHB Zach Sterling 0-0: Ground out 3-1 (Groundball, 34, EV 103.1 MPH)
Bottom of the 4th over - 1 run, 1 hit, 0 errors, 0 left on base; Cleveland 2 - New York 2
TOP OF THE 5TH
Cleveland Guardians batting - Pitching for New York Yankees : RHP Curt Browning
Batting: RHB Chris Goacher 0-0: Called Strike
0-1: Swinging Strike
0-2: Ball
1-2: SINGLE (Line Drive, 6MD, EV 95.6 MPH)
Batting: LHB Mel Soto 0-0: Ball
1-0: Fly out, F9 (Flyball, 9, EV 95.6 MPH)
Batting: LHB Donny Liebler 0-0: SINGLE (Groundball, 34, EV 103.8 MPH)
Chris Goacher to second
Runner from 2nd tries for 3rd, SAFE, throw by RF made to third
Batting: LHB Jonathan Setzler 0-0: Called Strike
0-1: Ball
1-1: Ball
2-1: Foul Ball, location: 2RF
2-2: Strikes out swinging
Batting: RHB Barry Nicholson 0-0: Called Strike
0-1: Ball
1-1: 3-RUN HOME RUN (Flyball, 89XD, EV 109.4 MPH), Distance : 422 ft
Pitching: LHP Bob Chartier
Batting: LHB Matt Cleary 0-0: SINGLE (Line Drive, 9, EV 91.9 MPH)
Batting: SHB Jose Agramonte 0-0: Ball
1-0: Ball
2-0: Ball
3-0: Called Strike
3-1: Foul Ball, location: 2RF
3-2: Ground out 6-3 (Groundball, 6, EV 104.4 MPH)
Top of the 5th over - 3 runs, 4 hits, 0 errors, 1 left on base; Cleveland 5 - New York 2
BOTTOM OF THE 5TH
New York Yankees batting - Pitching for Cleveland Guardians : RHP Bryan Jessee
Batting: LHB Ryan McCullough 0-0: Called Strike
0-1: Ball
1-1: Ball
2-1: Called Strike
2-2: Ball
3-2: Strikes out swinging
Batting: RHB Aaron Comeaux 0-0: Ball
1-0: SOLO HOME RUN (Flyball, 7D, EV 99.4 MPH), Distance : 380 ft
Batting: SHB Chris Clark 0-0: Called Strike
0-1: Ball
1-1: Foul Ball, location: 5FF
1-2: Ball
2-2: Fly out, F8 (Line Drive, 8RM, EV 94.4 MPH)
Batting: RHB Robby Junker 0-0: Ball
1-0: Called Strike
1-1: Ball
2-1: Foul Ball, location: 2F
2-2: Strikes out looking
Bottom of the 5th over - 1 run, 1 hit, 0 errors, 0 left on base; Cleveland 5 - New York 3
TOP OF THE 6TH
Cleveland Guardians batting - Pitching for New York Yankees : LHP Bob Chartier
Batting: LHB Dallas Ostrove 0-0: Called Strike
0-1: Called Strike
0-2: Ball
1-2: Fly out, F7 (Flyball, 7, EV 93.1 MPH)
Batting: RHB Chris Downs 0-0: Fly out, F8 (Flyball, 78S, EV 89.4 MPH)
Batting: RHB Chris Goacher 0-0: Ball
1-0: Fly out, F1 (Line Drive, P, EV 63.8 MPH)
Top of the 6th over - 0 runs, 0 hits, 0 errors, 0 left on base; Cleveland 5 - New York 3
BOTTOM OF THE 6TH
New York Yankees batting - Pitching for Cleveland Guardians : RHP Bryan Jessee
Batting: LHB John Blair 0-0: Ball
1-0: Ball
2-0: Ball
3-0: Called Strike
3-1: Called Strike
3-2: DOUBLE (Line Drive, 7LM, EV 98.8 MPH)
Batting: SHB Seth Hardenbrook 0-0: Foul Ball, location: 5F
0-1: Ball
1-1: Ball
2-1: Foul Ball, location: 5DF
2-2: Foul Ball, location: 5F
2-2: Strikes out looking
Batting: RHB Brandon Thomas 0-0: Foul Ball, location: 2F
0-1: SINGLE (Groundball, 6MD, EV 100.0 MPH)
John Blair to third
Batting: LHB Bill Hayden 0-0: 3-RUN HOME RUN (Flyball, 89XD, EV 111.9 MPH), Distance : 433 ft
Pitching: RHP Eddie Gonzalez
Batting: RHB Zach Sterling 0-0: Called Strike
0-1: Foul Ball, location: 9LMF
0-2: SINGLE (Groundball, 4MD, EV 98.8 MPH)
Batting: LHB Ryan McCullough 0-0: Called Strike
0-1: Foul Ball, location: 3FF
0-2: Strikes out swinging
Batting: RHB Aaron Comeaux 0-0: Fly out, F7 (Line Drive, 7D, EV 91.3 MPH)
Bottom of the 6th over - 3 runs, 4 hits, 0 errors, 1 left on base; Cleveland 5 - New York 6
TOP OF THE 7TH
Cleveland Guardians batting - Pitching for New York Yankees : LHP Bob Chartier
Batting: LHB Mel Soto 0-0: Called Strike
0-1: Foul Ball, location: 3F
0-2: Foul Ball, location: 2F
0-2: SINGLE (Groundball, 25, EV 67.5 MPH) (infield hit)
Pinch Hitting: RHB Jimmy Murphey 0-0: Ball
1-0: Foul Ball, location: 7LMF
1-1: Foul Ball, location: 23F
1-2: Strikes out swinging
Pinch Hitting: RHB Ciro Visconti 0-0: Ball
1-0: Called Strike
1-1: Ball
2-1: Foul Ball, location: 2F
2-2: SINGLE (Groundball, 25, EV 67.5 MPH) (infield hit)
Mel Soto to second
Batting: RHB Barry Nicholson 0-0: Ball
1-0: Fly out, F8 (Flyball, 89M, EV 84.4 MPH)
Pinch Hitting: RHB Dave Encarnacion 0-0: Ball
1-0: Foul Ball, location: 9LDF
1-1: Ball
2-1: Called Strike
2-2: Foul Ball, location: 2F
2-2: Ball
3-2: Base on Balls
Mel Soto to third
Ciro Visconti to second
Pitching: RHP Terry Lichtenberg
Batting: SHB Jose Agramonte 0-0: Called Strike
0-1: Ball
1-1: Called Strike
1-2: Strikes out swinging
Top of the 7th over - 0 runs, 2 hits, 0 errors, 3 left on base; Cleveland 5 - New York 6
BOTTOM OF THE 7TH
New York Yankees batting - Pitching for Cleveland Guardians : RHP Eddie Gonzalez
Now at 3B: Chris Downs
Now at SS: Mike Maddy
Now in LF: Ciro Visconti
Now in RF: Dave Encarnacion
Batting: SHB Chris Clark 0-0: Ball
1-0: Fly out, F9 (Flyball, 9, EV 88.1 MPH)
Batting: RHB Robby Junker 0-0: Ball
1-0: Fly out, F3 (Popup, 3L, EV 63.1 MPH)
Batting: LHB John Blair 0-0: Called Strike
0-1: Ball
1-1: Ground out 6-3 (Groundball, 6, EV 103.1 MPH)
Bottom of the 7th over - 0 runs, 0 hits, 0 errors, 0 left on base; Cleveland 5 - New York 6
TOP OF THE 8TH
Cleveland Guardians batting - Pitching for New York Yankees : RHP Terry Lichtenberg
Batting: LHB Dallas Ostrove 0-0: Fly out, F7 (Flyball, 7D, EV 91.9 MPH)
Batting: RHB Chris Downs 0-0: Called Strike
0-1: Called Strike
0-2: Foul Ball, location: 2F
0-2: Ball
1-2: Ball
2-2: Foul Ball, location: 2F
2-2: Foul Ball, location: 9LDF
2-2: Ground out U3 (Groundball, 34, EV 88.8 MPH)
Batting: RHB Chris Goacher 0-0: SINGLE (Line Drive, 8LS, EV 108.8 MPH)
Batting: LHB Mel Soto 0-0: Called Strike
0-1: Ball
1-1: Ball
2-1: Ball
3-1: Base on Balls
Chris Goacher to second
Batting: RHB Mike Maddy 0-0: Ball
1-0: Ball
2-0: Swinging Strike
2-1: Foul Ball, location: 2F
2-2: Strikes out swinging
Top of the 8th over - 0 runs, 1 hit, 0 errors, 2 left on base; Cleveland 5 - New York 6
BOTTOM OF THE 8TH
New York Yankees batting - Pitching for Cleveland Guardians : RHP Eddie Gonzalez
Batting: SHB Seth Hardenbrook 0-0: Ball
1-0: Ground out 6-3 (Groundball, 6, EV 104.4 MPH)
Batting: RHB Brandon Thomas 0-0: Called Strike
0-1: Ball
1-1: Fly out, F8 (Flyball, 8LXD, EV 108.8 MPH)
Batting: LHB Bill Hayden 0-0: Called Strike
0-1: SINGLE (Line Drive, 8RS, EV 96.3 MPH)
Batting: RHB Zach Sterling 0-0: Called Strike
0-1: Called Strike
0-2: Ball
Wild Pitch!
Bill Hayden to second
1-2: Foul Ball, location: 3FF
1-2: Foul Ball, location: 3F
1-2: Foul Ball, location: 9LSF
1-2: Ball
2-2: Strikes out swinging
Bottom of the 8th over - 0 runs, 1 hit, 0 errors, 1 left on base; Cleveland 5 - New York 6
TOP OF THE 9TH
Cleveland Guardians batting - Pitching for New York Yankees : RHP Terry Lichtenberg
Pitching: RHP Jon Barton
Now in RF: Carlos Jeronimo
Batting: RHB Ciro Visconti 0-0: Foul Ball, location: 3FF
0-1: Foul Ball, location: 9LDF
0-2: SINGLE (Line Drive, 78S, EV 97.5 MPH)
Batting: RHB Barry Nicholson 0-0: Called Strike
0-1: Ball
1-1: Swinging Strike
1-2: Strikes out looking
Batting: RHB Dave Encarnacion 0-0: Ball
1-0: Called Strike
1-1: Foul Ball, location: 2F
1-2: Foul Ball, location: 2F
1-2: Foul Ball, location: 3FF
1-2: Foul Ball, location: 3FF
1-2: Strikes out swinging
Batting: SHB Jose Agramonte 0-0: Called Strike
0-1: Ball
1-1: Ball
2-1: Ball
3-1: Foul Ball, location: 2F
3-2: SINGLE (Groundball, 34, EV 83.1 MPH)
Ciro Visconti to second
Ciro Visconti to third
Batting: LHB Dallas Ostrove 0-0: Ball
1-0: Ball
2-0: Ball
3-0: Base on Balls
Jose Agramonte to second
Batting: RHB Chris Downs 0-0: Ball
1-0: Called Strike
1-1: GRAND SLAM HOME RUN (Flyball, 7LD, EV 89.4 MPH), Distance : 330 ft
Pitching: RHP Luis Ramos
Batting: RHB Chris Goacher 0-0: Called Strike
0-1: Ball
1-1: Foul Ball, location: 2F
1-2: Strikes out swinging, 2-3 out at first.
Top of the 9th over - 4 runs, 3 hits, 0 errors, 0 left on base; Cleveland 9 - New York 6
BOTTOM OF THE 9TH
New York Yankees batting - Pitching for Cleveland Guardians : RHP Eddie Gonzalez
Pitching: LHP Juan Ramirez
Batting: LHB Ryan McCullough 0-0: Called Strike
0-1: Foul Ball, location: 5FF
0-2: Fly out, F5 (Popup, 5SF, EV 75.6 MPH)
Batting: RHB Aaron Comeaux 0-0: Ball
1-0: Ball
2-0: Ball
3-0: Base on Balls
Batting: SHB Chris Clark 0-0: Ball
1-0: Fly out, F3 (Popup, 34S, EV 77.5 MPH)
Batting: RHB Robby Junker 0-0: Called Strike
0-1: Ball
1-1: Ball
2-1: Foul Ball, location: 9LSF
2-2: Strikes out looking
Bottom of the 9th over - 0 runs, 0 hits, 0 errors, 1 left on base; Cleveland 9 - New York 6
Saturday, April 13th , 2024 - OOTP Baseball 24.11 Build 85